 Dungeon Crawl Stone Soup version 0.21-a0-584-g185da8e (webtiles) character file.

1411 Lanoc the Nimble (level 8, -2/42 HPs)
             Began as a Spriggan Chaos Knight on Dec 22, 2017.
             Slain by an orc warrior
             ... wielding a +0 trident
              (7 damage)
             ... on level 7 of the Dungeon.
             The game lasted 00:19:40 (6758 turns).

Lanoc the Nimble (Spriggan Chaos Knight)            Turns: 6758, Time: 00:19:40

Health: -2/42      AC:  6    Str:  8    XL:     8   Next: 43%
Magic:  9/9        EV: 24    Int: 18    God:    Xom [.*....]
Gold:   236        SH:  0    Dex: 18    Spells: 7/7 levels left

rFire    . . .     SeeInvis +   a - +0 short sword (chaos)
rCold    + . .     Gourm    .   (shield restricted)
rNeg     . . .     Faith    .   b - +2 robe
rPois    .         Spirit   .   (helmet restricted)
rElec    .         Reflect  .   s - scarf {cloud immunity}
rCorr    .         Harm     .   (gloves unavailable)
MR       +....                  (boots unavailable)
Stlth    ++++......             (no amulet)
HPRegen  0.14/turn              q - ring of protection from cold (curse)
MPRegen  0.11/turn              y - +3 ring of intelligence

@: very quick
A: very small, unfitting armour, slimy green scales 1, see invisible, blink,
clever 1, herbivore, speed 3, slow metabolism 2
a: Blink, Renounce Religion


You were on level 7 of the Dungeon.
You worshipped Xom.
You were a plaything of Xom.
You were not hungry.

You visited 2 branches of the dungeon, and saw 8 of its levels.

You collected 236 gold pieces.

Inventory:

Hand Weapons
 a - a +0 short sword of chaos (weapon)
 l - a +0 hunting sling
Missiles
 w - 32 sling bullets
 z - 40 stones (quivered)
Armour
 b - a +2 robe (worn)
 s - a scarf of cloud immunity (worn)
Jewellery
 q - a cursed ring of protection from cold (left hand)
 y - a +3 ring of intelligence (right hand)
Wands
 j - a wand of random effects (47)
Scrolls
 d - 2 scrolls of remove curse
 e - a scroll of magic mapping {unknown}
 f - 2 scrolls of teleportation
 g - a scroll of enchant armour {unknown}
 k - 3 scrolls of amnesia
 n - a scroll of fear {unknown}
 r - a scroll of fog
 t - a scroll of summoning
 v - a scroll of enchant weapon {unknown}
Potions
 h - 2 potions of brilliance
 i - a potion of haste
 m - 2 potions of ambrosia
 o - a potion of heal wounds
 p - 3 potions of cancellation
 u - a potion of flight
 x - a potion of lignification
 B - a potion of curing
Comestibles
 c - 10 rations


   Skills:
 + Level 4.9 Fighting
 + Level 6.4 Short Blades
 + Level 2.4 Slings
 + Level 8.0 Dodging
 + Level 7.7 Stealth


You had 7 spell levels left.
You didn't know any spells.

Dungeon Overview and Level Annotations

Branches:
Dungeon (7/15)             Temple (1/1) D:4

Altars:
Ashenzari
Cheibriados
Elyvilon
Hepliaklqana
Nemelex Xobeh
Qazlal
Ru
Trog
Wu Jian
Xom
Yredelemnul
Zin
The Shining One

Shops:
D:5 (


Innate Abilities, Weirdness & Mutations

You are very small and have problems with some larger weapons.
You are too small for most types of armour.
You have supernaturally acute eyesight. (SInv)
You are a herbivore.
You cover ground extremely quickly.
You need consume almost no food.
You are partially covered in slimy green scales. (AC +2)
You can translocate small distances at will.
Your mind is acute. (Int +2)


Message History

The orc warrior is moderately wounded.
The orc warrior hits you with a trident.
Your white imp barely misses the orc warrior.
You hit the orc warrior but do no damage.
The orc warrior is moderately wounded.
The orc warrior barely misses you.
Your white imp hits the orc warrior but does no damage.
You closely miss the orc warrior.
The orc warrior is moderately wounded.
Your white imp barely misses the orc warrior.
You hit the orc warrior but do no damage.
The orc warrior is moderately wounded.
The orc warrior hits you with a trident!!
* * * LOW HITPOINT WARNING * * *
You hit the orc warrior but do no damage.
The orc warrior is moderately wounded.
Your white imp hits the orc warrior but does no damage.
The orc warrior hits you with a trident!
You die...
Xom thinks this is hilarious!

###.o.# #....#
###.# #.#### #.#
#.# #.## ##<# #..#
#..# ##.## #.##
#..# ##.# ##.#
#..# #@####.##
..#######o5....#
#........####..#
.#######.......###
#####.....#
#..##.# .#
##..#.### ....
#####....>....
....
#........>....


You could see an orc warrior and a friendly white imp.

Vanquished Creatures
  An ice beast (D:6)
  A phantom (D:3)
  4 ogres
  A bullfrog (D:6)
  A wyvern skeleton (D:6)
  2 scorpions (D:6)
  2 centaur zombies (D:6)
  2 orc priests
  2 orc wizards
  An iguana (D:7)
  Jessica (D:3)
  5 worker ants
  2 killer bee zombies (D:6)
  A worker ant zombie (D:7)
  A howler monkey zombie (D:6)
  9 adders
  3 gnolls (D:7)
  A shadow imp (D:6)
  A white imp (D:6)
  An ooze (D:6)
  A worm (D:3)
  A dart slug (D:1)
  A dart slug (shapeshifter) (D:2)
  5 leopard geckos
  11 orcs
  A ball python (D:5)
  8 bats
  7 giant cockroaches
  7 goblins
  7 hobgoblins
  12 jackals
  4 kobolds
  5 quokkas
  6 frilled lizards
  A jackal zombie (D:6)
  A quokka skeleton (D:4)
  15 rats
  2 butterflies (D:4)
137 creatures vanquished.

Vanquished Creatures (collateral kills)
  An orc wizard (D:7)
  A gnoll (D:7)
  4 jackals (D:5)
6 creatures vanquished.

Grand Total: 143 creatures vanquished

Notes
Turn   | Place    | Note
-------+----------+-------------------------------------------
     0 | D:1      | Lanoc the Spriggan Chaos Knight began the quest for the Orb.
     0 | D:1      | Reached XP level 1. HP: 11/11 MP: 2/2
   153 | D:1      | Reached skill level 1 in Stealth
   169 | D:1      | Found a shattered altar of Ashenzari.
   175 | D:1      | Reached XP level 2. HP: 16/16 MP: 3/3
   231 | D:1      | XOM: potion effect (might)
   256 | D:1      | Reached skill level 4 in Dodging
   577 | D:1      | XOM: god gift: scroll labeled YSYODI SUYTU {god gift}
   579 | D:1      | XOM: cloud trail
   746 | D:2      | XOM: mild Conj miscast
   984 | D:2      | Reached XP level 3. HP: 19/19 MP: 4/4
  1454 | D:2      | XOM: divination: detect items
  1577 | D:2      | XOM: silly message
  1758 | D:3      | Reached XP level 4. HP: 20/23 MP: 5/5
  1792 | D:3      | XOM: 3-stop teleportation journey
  1832 | D:3      | XOM: enchant monster (good)
  1950 | D:3      | Noticed a phantom
  1956 | D:3      | XOM: fog
  1970 | D:3      | XOM: destruction
  1983 | D:3      | Killed a phantom
  1983 | D:3      | Reached skill level 5 in Dodging
  1983 | D:3      | Reached XP level 5. HP: 16/28 MP: 6/6
  2153 | D:3      | Noticed Jessica
  2165 | D:3      | Killed Jessica
  2180 | D:3      | XOM: divination: detect items
  2205 | D:3      | XOM: scenery: create altars
  2525 | D:4      | XOM: god gift: 4 rations
  2572 | D:4      | Noticed an ogre
  2576 | D:4      | XOM: medium Tmut miscast
  2614 | D:4      | Found a snail-covered altar of Cheibriados.
  2614 | D:4      | XOM: 4-stop teleportation journey
  2867 | D:4      | XOM: noise
  2872 | D:4      | Gained mutation: Your muscles are strong. (Str +2) [potion of mutation]
  2872 | D:4      | Lost mutation: Your muscles are strong. (Str +2) [potion of mutation]
  2872 | D:4      | Gained mutation: You are partially covered in slimy green scales. (AC +2) [potion of mutation]
  2873 | D:4      | Gained mutation: You can translocate small distances at will. [potion of mutation]
  2873 | D:4      | Gained mutation: Your mind is acute. (Int +2) [potion of mutation]
  3040 | D:4      | Found a staircase to the Ecumenical Temple.
  3061 | Temple   | Entered the Ecumenical Temple
  3076 | D:4      | Found a shimmering altar of Xom.
  3093 | D:4      | Reached XP level 6. HP: 31/32 MP: 7/7
  3123 | D:4      | Found a stormy altar of Qazlal.
  3123 | D:4      | Found a hazy altar of Hepliaklqana.
  3370 | D:4      | Found a basalt altar of Yredelemnul.
  3456 | D:4      | Reached skill level 5 in Stealth
  3527 | D:4      | Found a sparkling altar of Nemelex Xobeh.
  3586 | D:4      | Found a glowing golden altar of the Shining One.
  3589 | D:4      | Found an ornate altar of the Wu Jian Council.
  3608 | D:4      | Found a white marble altar of Elyvilon.
  3781 | D:5      | Entered Level 5 of the Dungeon
  3791 | D:5      | Reached skill level 5 in Short Blades
  3791 | D:5      | Reached skill level 6 in Dodging
  3813 | D:5      | XOM: medium Erth miscast
  4007 | D:5      | XOM: 7-stop teleportation journey
  4050 | D:5      | XOM: mild Tloc miscast
  4088 | D:5      | XOM: silly message
  4399 | D:5      | XOM: chaos upgrade
  4400 | D:5      | XOM: harmless Fire miscast
  4409 | D:5      | Reached XP level 7. HP: 32/37 MP: 8/8
  4475 | D:5      | Found a glowing silver altar of Zin.
  4663 | D:5      | Found Fiheh's Weapon Emporium.
  4797 | D:6      | Reached skill level 7 in Dodging
  4855 | D:6      | XOM: noise
  5016 | D:6      | XOM: confusion (+ monsters)
  5032 | D:6      | XOM: polymorph quasit -> white imp
  5067 | D:6      | XOM: 2-stop teleportation journey
  5094 | D:6      | Reached XP level 8. HP: 35/42 MP: 9/9
  5193 | D:6      | Reached skill level 1 in Slings
  5245 | D:6      | XOM: blink monster(s)
  5407 | D:6      | XOM: medium Necr miscast
  5977 | D:6      | XOM: summons 4 hostile demons
  6058 | D:6      | Found a bloodstained altar of Trog.
  6252 | D:7      | XOM: summons friendly iron imp
  6535 | D:7      | Reached skill level 8 in Dodging
  6601 | D:6      | XOM: cloud trail
  6704 | D:6      | XOM: summons 1 hostile demon
  6739 | D:7      | XOM: summons friendly white imp
  6758 | D:7      | Slain by an orc warrior

Vault maps used:
D:1:      dpeg_arrival_radiant, evilmike_ruin_ashenzari
D:2:      serial_forest, infiniplex_forest_lined_3,
          infiniplex_forest_straight_3, infiniplex_forest_lined_3,
          infiniplex_forest_lined_2, infiniplex_forest_corner_2,
          infiniplex_forest_clump_curved, infiniplex_forest_lined_3_way,
          first_ration, minmay_small_reverse_x
D:3:      uniq_jessica
D:4:      kennysheep_ying_yang, xom_butterflies, nicolae_overflow_hidden_temple,
          temple_statues, cheibriados_altar_1
D:5:      nicolae_overflow_crystal_walls, serial_shops, shop,
          kennysheep_generic_room_6
D:6:      kennysheep_little_box, serial_undead, serial_undead_e,
          serial_undead_d, serial_undead_e, serial_undead_d
D:7:      vehumet_crystals
Temple:   dpeg_three_leaves_temple

Skill      XL: |  1  2  3  4  5  6  7  8 |
---------------+-------------------------+-----
Stealth        | 1 2 3 4 5 7 |  7.7
Dodging        | 4 5 6 7 8 |  8.0
Fighting       | 3 4 |  4.9
Short Blades   | 4 5 6 |  6.4
Slings         | 2 |  2.4

Action                   |  1- 3 |  4- 6 |  7- 9 || total
-------------------------+-------+-------+-------++-------
Melee: Short sword       |   123 |   256 |   284 ||   663
 Fire: Hunting sling     |       |       |     5 ||     5
  Use: Scroll            |       |     6 |     8 ||    14
       Potion            |       |     2 |       ||     2
 Stab: Sleeping          |    11 |     4 |     8 ||    23
       Confused          |     1 |     1 |     3 ||     5
       Paralysed         |       |       |     5 ||     5
       Petrifying        |       |       |     4 ||     4
       Petrified         |       |       |     1 ||     1
  Eat: Ration            |       |     1 |     1 ||     2
Armor: Robe              |    22 |    29 |    35 ||    86
Dodge: Dodged            |   122 |   240 |   278 ||   640

Table legend:
 A = Spawn XP
 B = Non-spawn XP
 C = Spawn XP percentage of total XP
 D = Spawn monster count
 E = Non-spawn monster count
 F = Spawn count percentage of total count
 G = Total turns spent on level
                    A         B        C        D         E        F      G
               +---------+---------+-------+---------+---------+-------+---------
         Total |       0 |    2017 |   0.0 |       0 |     141 |   0.0 |  6758
               +---------+---------+-------+---------+---------+-------+---------
           D:1 |       0 |      35 |   0.0 |       0 |      19 |   0.0 |   740
           D:2 |       0 |      59 |   0.0 |       0 |      23 |   0.0 |  1002
           D:3 |       0 |     209 |   0.0 |       0 |      31 |   0.0 |   708
           D:4 |       0 |     247 |   0.0 |       0 |      16 |   0.0 |  1583
           D:5 |       0 |     380 |   0.0 |       0 |      17 |   0.0 |   724
           D:6 |       0 |     863 |   0.0 |       0 |      21 |   0.0 |  1594
           D:7 |       0 |     224 |   0.0 |       0 |      14 |   0.0 |   405
               +---------+---------+-------+---------+---------+-------+---------
